 Dungeon Crawl Stone Soup version 0.30-a0-996-ga6910c8ee8 (webtiles) character file.

Game seed: 10174958553857156076

11552 ytrimaz the Grappler (level 11, -2/105 HPs)
             Began as a Troll Monk on Apr 5, 2023.
             Was an Elder of Hepliaklqana.
             Slain by a yak (9 damage)
             ... on level 11 of the Dungeon.
             The game lasted 00:11:37 (8504 turns).

ytrimaz the Grappler (Troll Monk)                   Turns: 8504, Time: 00:11:37

Health: -2/105     AC:  6    Str: 21    XL:     11   Next: 50%
Magic:  10/10      EV: 15    Int: 10    God:    Hepliaklqana [****..]
Gold:   227        SH:  0    Dex: 12    Spells: 5/10 levels left

rFire   . . .      SeeInvis .      - Unarmed
rCold   . . .      Faith    .    (no shield)
rNeg    . . .      Spirit   .    F - +0 troll leather armour
rPois   .          Reflect  .    (helmet restricted)
rElec   .          Rampage  .    (no cloak)
rCorr   +                        (gloves unavailable)
Will    .....                    (boots unavailable)
Stlth   +                        t - amulet of regeneration
HPRegen 2.77/turn                o - +5 ring of evasion
MPRegen 0.12/turn                e - ring of resist corrosion

@: no status effects
A: reduced essence, large, unfitting armour, claws 3, regeneration 1, shaggy fur
1, tough skin 1
a: Renounce Religion, Recall Ancestor, Ancestor Identity, Transference, Idealise


You were on level 11 of the Dungeon.
You worshipped Hepliaklqana.
Hepliaklqana was greatly pleased with you.
You visited 2 branches of the dungeon, and saw 12 of its levels.
You also visited: Ossuary.

You collected 803 gold pieces.
You spent 576 gold pieces at shops.


Innate Abilities, Weirdness & Mutations

Your life essence is reduced to manifest your ancestor. (-10% HP)
You are too large for most types of armour.
You have claws for hands.
Your natural rate of healing is unusually fast.
You are covered in fur. (AC +1)
You have tough skin. (AC +1)


   Skills:
 - Level 10.0 Fighting
 - Level 2.4 Dodging
 - Level 1.0 Stealth
 + Level 14.7 Unarmed Combat


You had 5 spell levels left.
You knew the following spells:

 Your Spells              Type           Power      Damage    Failure   Level
a - Irradiate             Conj/Tmut      0%         3d11      100%        5

Your spell library contained the following spells:

 Spells                   Type           Power      Damage    Failure   Level
 Foxfire                  Conj/Fire      0%         2x1d4     41%         1
 Freeze                   Ice            0%         1d3       41%         1
 Summon Small Mammal      Summ           0%         N/A       41%         1
 Ensorcelled Hibernation  Hex/Ice        0%         N/A       54%         2
 Sublimation of Blood     Necr           0%         N/A       54%         2
 Call Canine Familiar     Summ           0%         N/A       78%         3
 Frozen Ramparts          Ice            0%         1d1       78%         3
 Hailstorm                Conj/Ice       0%         3d3       78%         3
 Ignite Poison            Fire/Tmut/Pois 0%         N/A       78%         3
 Spider Form              Tmut/Pois      0%         N/A       78%         3
 Summon Guardian Golem    Hex/Summ       0%         N/A       78%         3
 Vhi's Electric Charge    Tloc/Air       0%         N/A       78%         3
 Anguish                  Hex/Necr       0%         N/A       99%         4
 Petrify                  Tmut/Erth      0%         N/A       99%         4
 Sticky Flame             Conj/Fire      0%         2d3       99%         4
 Arcjolt                  Conj/Air       0%         1d10      100%        5
 Fireball                 Conj/Fire      0%         3d3       100%        5
 Freezing Cloud           Conj/Ice/Air   0%         6-21      100%        5
 Metabolic Englaciation   Hex/Ice        0%         N/A       100%        5
 Plasma Beam              Fire/Air       0%         2x1d11    100%        6
 Simulacrum               Ice/Necr       0%         N/A       100%        6
 Starburst                Conj/Fire      0%         6d3       100%        6
 Statue Form              Tmut/Erth      0%         N/A       100%        6
 Ignition                 Fire           0%         3d3       100%        8
 Polar Vortex             Ice            0%         N/A       100%        9

Inventory:

Missiles
 v - 2 throwing nets
Armour
 a - a +1 robe
 F - a +0 troll leather armour (worn)
   (You found it on level 10 of the Dungeon)
Jewellery
 d - a +4 ring of protection
   (You found it on level 1 of the Dungeon)
 e - a ring of resist corrosion (right claw)
   (You found it on level 2 of the Dungeon)
 o - a +5 ring of evasion (left claw)
   (You found it on level 5 of the Dungeon)
 t - an amulet of regeneration (around neck)
   (You found it on level 3 of the Dungeon)
 w - a +6 ring of intelligence
   (You found it on level 6 of the Dungeon)
 C - a ring of positive energy
   (You found it on level 9 of the Dungeon)
Wands
 c - a wand of flame (36) (quivered)
   (You took it off Ijyb on level 5 of the Dungeon)
 y - a wand of paralysis (5)
   (You found it on level 6 of the Dungeon)
 D - a wand of acid (2)
   (You took it off a centaur on level 9 of the Dungeon)
 H - a wand of polymorph (5)
   (You took it off Maurice on level 11 of the Dungeon)
Scrolls
 k - 2 scrolls of blinking
 l - a scroll of magic mapping
 m - 6 scrolls of teleportation
 p - a scroll of amnesia
 u - a scroll of torment
 z - 2 scrolls of fog
 A - 2 scrolls of enchant armour
 E - 2 scrolls of identify
 G - a scroll of acquirement {unknown}
Potions
 b - a potion of ambrosia
 f - 5 potions of curing
 g - 2 potions of lignification
 h - 3 potions of mutation
 i - a potion of berserk rage {unknown}
 j - 3 potions of cancellation {unknown}
 n - 4 potions of attraction
 q - 2 potions of heal wounds {unknown}
 r - 3 potions of haste
 s - 4 potions of flight
 x - a potion of might {unknown}
 B - 2 potions of brilliance {unknown}

Dungeon Overview and Level Annotations

Branches:
Dungeon (11/15) Zot: 26650  Temple (1/1) D:6 Zot: 5962    Lair (0/5) D:9
Ossuary (visited)
    Orc: D:9-12

Altars:
Ashenzari
Cheibriados
Dithmenos
Elyvilon
Fedhas
Gozag
Hepliaklqana
Kikubaaqudgha
Makhleb
Nemelex Xobeh
Okawaru
Qazlal
Ru
Sif Muna
Trog
Uskayaw
Vehumet
Wu Jian
Xom
Yredelemnul
Zin
The Shining One
Lugonu

Shops:
D:1 :   D:3 [   D:9 :(

Annotations:
D:3 1 runed translucent door, grumposus's ghost, weakling OpTm
D:7 3 runed translucent doors, sugarbear's ghost, novice DjCj

####################
#...........'.......
#.†@........#.......
#..Y........#.......
...###'##########.##..#
#...........###.##..#
#...........#.....>..
#...........#........
#...........#........
#...........#########
#............


You could see a yak.


Message History

The two-headed ogre misses you.
The two-headed ogre hits you with a +0 giant club!
Unknown command. 😕 HP[-14]
You take 14 damage, and now have 80/105 hp.
You barely miss the two-headed ogre. 😕 HP[+2]
You regained 2 hp, and now have 82/105 hp.
You barely miss the two-headed ogre. The yak completely misses you. 😕 HP[+2]
You regained 2 hp, and now have 84/105 hp.
Unknown command.
You claw the two-headed ogre!
The two-headed ogre hits you with a +0 giant club!
The two-headed ogre barely misses you. The yak closely misses you.
The yak misses you. 😮 HP[-13]
You take 13 damage, and now have 71/105 hp.
You scratch the two-headed ogre. 😮 HP[+2]
You regained 2 hp, and now have 73/105 hp.
Unknown command.
You claw the two-headed ogre!
You kill the two-headed ogre!
The yak gores you but does no damage. The yak gores you. 😮 HP[-4]
You take 4 damage, and now have 69/105 hp.
Unknown command.
You scratch the yak but do no damage. The yak gores you.
The yak barely misses you. The yak closely misses you.
The yak completely misses you. 😮 HP[-4]
You take 4 damage, and now have 65/105 hp.
You scratch the yak. You claw the yak!!
The yak gores you but does no damage. x2
The yak gores you! 😮 HP[-6]
You take 6 damage, and now have 59/105 hp.
You scratch the yak. 😮 HP[+2]
You regained 2 hp, and now have 61/105 hp.
Unknown command.
You mangle the yak!!
You kill the yak!
The yak barely misses you. The yak closely misses you.
The yak gores you! 😮 HP[-5]
You take 5 damage, and now have 56/105 hp.
Unknown command.
You claw the yak! You claw the yak, but do no damage. The yak gores you!
* * * LOW HITPOINT WARNING * * *
The yak completely misses you. 😨 HP[-10]
You take 10 damage, and now have 46/105 hp.
You mangle the yak!! You claw the yak. The yak barely misses you. 😨 HP[+2]
You regained 2 hp, and now have 48/105 hp.
You scratch the yak but do no damage. The yak gores you.
* * * LOW HITPOINT WARNING * * *
The yak closely misses you. 😨 HP[-1]
You take 1 damage, and now have 47/105 hp.
You mangle the yak!!
You kill the yak!
The yak barely misses you. The yak gores you!
* * * LOW HITPOINT WARNING * * *
😨 HP[-10]
You take 10 damage, and now have 37/105 hp.
The yak is no longer moving slowly.
You see here a yak corpse. 😨 HP[+3]
You regained 3 hp, and now have 40/105 hp.
You barely miss the yak. The yak gores you!
* * * LOW HITPOINT WARNING * * *
😨 HP[-5]
You take 5 damage, and now have 35/105 hp.
You scratch the yak but do no damage. Your claw misses the yak.
The yak gores you!
* * * LOW HITPOINT WARNING * * *
😱 HP[-9]
You take 9 damage, and now have 26/105 hp.
You mangle the yak!! The yak closely misses you. 😨 HP[+2]
You regained 2 hp, and now have 28/105 hp.
Unknown command.
You claw the yak!
You kill the yak!
The yak gores you!
* * * LOW HITPOINT WARNING * * *
😱 HP[-7]
You take 7 damage, and now have 21/105 hp.
The yak gores you!
* * * LOW HITPOINT WARNING * * *
Items here: )) ††. 😱 HP[-11]
You take 11 damage, and now have 10/105 hp.
You mangle the yak!! Your claw misses the yak. The yak gores you!
* * * LOW HITPOINT WARNING * * *
😱 HP[-5]
You take 5 damage, and now have 5/105 hp.
You barely miss the yak. The yak gores you!
You die...

Skill      XL: |  1  2  3  4  5  6  7  8  9 10 11 |
---------------+----------------------------------+-----
Fighting       | 3 4 5 6 8 10 | 10.0
Unarmed Combat | 4 5 6 7 9 12 14 | 14.7
Dodging        | |  2.4
Stealth        | |  1.0

Action                     |  1- 3 |  4- 6 |  7- 9 | 10-12 || total
---------------------------+-------+-------+-------+-------++-------
  Melee: Unarmed           |    85 |    52 |   277 |   193 ||   607
         Punch             |     2 |     3 |    10 |    15 ||    30
 Invoke: Ancestor Life: He |       |       |     1 |       ||     1
         Ancestor Identity |       |       |     1 |       ||     1
         Recall Ancestor   |       |       |     1 |     1 ||     2
  Evoke: Wand              |       |       |     3 |       ||     3
    Use: Scroll            |     4 |     4 |    10 |     2 ||    20
         Potion            |       |       |     1 |     3 ||     4
   Stab: Sleeping          |     7 |     2 |     4 |       ||    13
         Distracted        |     1 |       |     1 |     1 ||     3
         Confused          |       |       |       |     6 ||     6
 Armour: Robe              |    27 |    19 |    76 |    33 ||   155
         Skin              |       |       |    16 |    40 ||    56
         Troll leather arm |       |       |       |    32 ||    32
  Dodge: Dodged            |    38 |    25 |   156 |   241 ||   460

Levels and vault maps discovered:
D:1:      dpeg_arrival_rooms_b, layout_basic, serial_shops,
          nicolae_lakefront_shop, minmay_misc_feat_pillars
D:2:      layout_basic
D:3:      wad_crossroads, layout_loops_corners, nicolae_overflow_hidden_temple,
          slow_altar_1, makhleb_altar_promises_db, serial_shops, shop,
          ebering_ghost_reflecting_pool
D:4:      layout_basic, nicolae_overflow_crystal_walls,
          overflow_temple_1_default, nicolae_ossuary_entry_plus,
          columned_hall_lemuel, nicolae_elevator_lobby_plus
D:5:      layout_basic, chequers_temple_overflow_minitemple,
          nicolae_qazlal_eye_of_the_storm, lemuel_coloured_pillars_altar,
          nicolae_half_adder, uniq_ijyb
D:6:      layout_basic, minmay_temple_entry_junction, serial_bayou_lagoon_b,
          uniq_prince_ribbit1
D:7:      layout_rooms, overflow_temple_1_default, mainiacjoe_overflow_alcove_1,
          gammafunk_ghost_necromancy, minmay_circle_x, uniq_maggie
D:8:      layout_basic
D:9:      layout_loops_ring, good_gods_mini_temple, marbit_many_paths,
          hellmonk_lair_entry_icy, serial_shops, nicolae_shop_waterfront,
          nicolae_take_the_stairs, uniq_amaemon
D:10:     layout_basic, uniq_joseph
D:11:     kennysheep_kobold_lugonu_temple, layout_gridville, david_orc_4,
          uniq_maurice
Temple:   nicolae_temple_stand_before_the_council

Notes
Turn   | Place    | Note
-------+----------+-------------------------------------------
     0 | D:1      | ytrimaz the Troll Monk began the quest for the Orb.
     0 | D:1      | Reached XP level 1. HP: 22/22 MP: 0/0
     0 | D:1      | magus.rc [v1.9.6]
    23 | D:1      | You pick up a book of Callings and begin reading...
    23 | D:1      | You add the spells Summon Small Mammal, Call Canine
                  | Familiar and Summon Guardian Golem to your library.
    78 | D:1      | Reached XP level 2. HP: 29/29 MP: 1/1
   506 | D:1      | Found Xoren's Book Shop.
   982 | D:2      | Reached skill level 3 in Fighting
  1106 | D:2      | Reached XP level 3. HP: 37/37 MP: 2/2
  1336 | D:2      | You fall into a shaft and drop 2 floors!
  1350 | D:4      | Found a sand-covered staircase.
  1355 | Ossuary  | Entered an ossuary
  1437 | Ossuary  | Noticed a wight
  1444 | Ossuary  | Killed a wight
  1445 | Ossuary  | Reached XP level 4. HP: 45/48 MP: 3/3
  1484 | Ossuary  | Noticed a flying skull
  1484 | Ossuary  | Noticed a wraith
  1500 | Ossuary  | Reached skill level 4 in Fighting
  1500 | Ossuary  | Reached skill level 4 in Unarmed Combat
  1500 | Ossuary  | Reached XP level 5. HP: 54/54 MP: 4/4
  1517 | Ossuary  | Noticed a flying skull
  1564 | Ossuary  | Noticed a wraith
  1574 | Ossuary  | Killed a wraith
  1575 | Ossuary  | Reached skill level 5 in Fighting
  1575 | Ossuary  | Reached XP level 6. HP: 54/66 MP: 5/5
  1583 | Ossuary  | Noticed a flying skull
  1594 | Ossuary  | Noticed a wraith
  1606 | Ossuary  | Killed a wraith
  1607 | Ossuary  | Reached skill level 5 in Unarmed Combat
  1958 | D:4      | Found a broken altar of Ashenzari.
  2050 | D:4      | Found a sparkling altar of Nemelex Xobeh.
  2115 | D:4      | Reached XP level 7. HP: 53/72 MP: 6/6
  2318 | D:3      | Found a blossoming altar of Fedhas.
  2407 | D:4      | Reached skill level 6 in Fighting
  2483 | D:3      | Found a snail-covered altar of Cheibriados.
  2627 | D:3      | You pick up a book of Ice and begin reading...
  2627 | D:3      | You add the spells Freezing Cloud, Simulacrum and Polar
                  | Vortex to your library.
  2943 | D:3      | Found a burning altar of Makhleb.
  2945 | D:3      | Noticed a green death
  2980 | D:3      | You pick up a book of Lightning and begin reading...
  2980 | D:3      | You add the spells Vhi's Electric Charge, Arcjolt and
                  | Plasma Beam to your library.
  3168 | D:3      | Found a runed translucent door.
  3172 | D:3      | Noticed grumposus's ghost (weakling OpTm)
  3230 | D:3      | Found Joykhleep's Armour Emporium.
  3723 | D:5      | Entered Level 5 of the Dungeon
  3751 | D:5      | Reached skill level 6 in Unarmed Combat
  3905 | D:5      | Reached XP level 8. HP: 84/84 MP: 7/7
  3908 | D:5      | Noticed Ijyb
  3921 | D:5      | Killed Ijyb
  4011 | D:5      | Found a hide-covered altar of Uskayaw.
  4177 | D:5      | Reached skill level 7 in Fighting
  4330 | D:5      | Found a stormy altar of Qazlal.
  4588 | D:5      | Found an ornate altar of the Wu Jian Council.
  4588 | D:5      | Found a sacrificial altar of Ru.
  4594 | D:5      | Found a faded altar of an unknown god.
  4596 | D:5      | Found a faded altar of an unknown god.
  4598 | D:5      | Found an ancient bone altar of Kikubaaqudgha.
  4837 | D:6      | You pick up a book of Fire and begin reading...
  4837 | D:6      | You add the spells Foxfire, Fireball and Starburst to your
                  | library.
  5028 | D:6      | Reached skill level 7 in Unarmed Combat
  5046 | D:6      | Found a staircase to the Ecumenical Temple.
  5065 | Temple   | Entered the Ecumenical Temple
  5089 | Temple   | Became a worshipper of Hepliaklqana the Forgotten
  5089 | Temple   | Reached * piety under Hepliaklqana
  5089 | Temple   | Reached ** piety under Hepliaklqana
  5090 | Temple   | Remembered your ancestor Bakanator as a hexer
  5208 | D:6      | HP: 13/79 [electric eel/bolt of electricity (16)]
  5210 | D:6      | Reached skill level 8 in Fighting
  5278 | D:6      | Noticed Prince Ribbit
  5285 | D:6      | Killed Prince Ribbit
  5286 | D:6      | Reached XP level 9. HP: 73/87 MP: 8/8
  5621 | D:7      | Found a shadowy altar of Dithmenos.
  5645 | D:7      | Found a runed translucent gate.
  5645 | D:7      | Found a runed translucent gate.
  5645 | D:7      | Found a runed translucent gate.
  5646 | D:7      | Noticed sugarbear's ghost (novice DjCj)
  5674 | D:7      | Noticed Maggie
  5683 | D:7      | Reached skill level 9 in Fighting
  5693 | D:7      | Killed Maggie
  5694 | D:7      | Reached skill level 8 in Unarmed Combat
  5807 | D:7      | Found an opulent altar of Gozag.
  6109 | D:8      | Reached skill level 10 in Fighting
  6114 | D:8      | Reached skill level 9 in Unarmed Combat
  6209 | D:8      | You add the spells Ignite Poison, Sticky Flame and Ignition
                  | to your library.
  6225 | D:8      | Reached XP level 10. HP: 92/95 MP: 9/9
  6247 | D:8      | You pick up a book of Alchemy and begin reading...
  6247 | D:8      | You add the spells Sublimation of Blood, Petrify and
                  | Irradiate to your library.
  6259 | D:8      | You pick up a book of Dreams and begin reading...
  6259 | D:8      | You add the spells Ensorcelled Hibernation, Spider Form and
                  | Anguish to your library.
  6307 | D:8      | You pick up a book of Frost and begin reading...
  6307 | D:8      | You add the spells Freeze, Frozen Ramparts and Hailstorm to
                  | your library.
  6314 | D:8      | Learned a level 5 spell: Irradiate
  6360 | D:8      | Reached *** piety under Hepliaklqana
  6792 | D:9      | Reached skill level 10 in Unarmed Combat
  6834 | D:9      | Reached skill level 11 in Unarmed Combat
  6852 | D:9      | Found a staircase to the Lair.
  7006 | D:9      | Found a white marble altar of Elyvilon.
  7006 | D:9      | Found a glowing golden altar of the Shining One.
  7006 | D:9      | Found a glowing silver altar of Zin.
  7026 | D:9      | Found Gintajar's Book Shoppe.
  7032 | D:9      | Noticed an orange demon
  7038 | D:9      | Noticed Amaemon
  7075 | D:9      | HP: 37/148 [poisoned by Amaemon]
  7078 | D:9      | HP: 14/148 [Amaemon/-1 demon whip of venom (8)]
  7079 | D:9      | Killed Amaemon
  7080 | D:9      | Reached skill level 12 in Unarmed Combat
  7083 | D:9      | Killed an orange demon
  7161 | D:9      | Bought a book of Sloth for 576 gold pieces
  7161 | D:9      | You pick up a book of Sloth and begin reading...
  7161 | D:9      | You add the spells Metabolic Englaciation and Statue Form
                  | to your library.
  7200 | D:9      | Found Aclyesest's Antique Weapon Boutique.
  7358 | D:9      | Found a basalt altar of Yredelemnul.
  7534 | D:10     | Entered Level 10 of the Dungeon
  7704 | D:10     | Reached **** piety under Hepliaklqana
  7802 | D:10     | Noticed Joseph
  7807 | D:10     | Reached XP level 11. HP: 97/105 MP: 10/10
  7814 | D:10     | Killed Joseph
  7815 | D:10     | Reached skill level 13 in Unarmed Combat
  8136 | D:11     | Noticed a boulder beetle
  8147 | D:11     | Killed a boulder beetle
  8199 | D:11     | Found a corrupted altar of Lugonu.
  8209 | D:11     | Noticed a sun demon
  8272 | D:11     | Noticed Maurice
  8273 | D:11     | Reached skill level 14 in Unarmed Combat
  8299 | D:11     | Killed Maurice
  8470 | D:11     | Noticed a two-headed ogre
  8488 | D:11     | Killed a two-headed ogre
  8499 | D:11     | HP: 26/105 [yak (11)]
  8502 | D:11     | HP: 10/105 [yak (14)]
  8504 | D:11     | Slain by a yak

Vanquished Creatures
  A two-headed ogre (D:11)
  Amaemon (D:9)
  Joseph (D:10)
  Maggie (D:7)
  An orange demon (D:9)
  3 kobold demonologists (D:11)
  A rime drake (D:9)
  A komodo dragon (D:10)
  2 trolls (D:10)
  Prince Ribbit (D:6)
  A hornet (D:8)
  A shadow (D:10)
  4 yaks (D:11)
  2 wraiths (Ossuary)
  5 acid dragons
  A black bear (D:5)
  7 ice beasts
  2 orc warriors
  3 ogres
  2 wolves (D:9)
  5 centaurs
  2 kobold brigands
  5 scorpions
  5 bullfrogs
  5 wights
  4 killer bees (D:9)
  5 electric eels (D:6)
  2 howler monkeys (D:11)
  2 orc priests
  A hound (D:6)
  An iron imp (D:3)
  2 jellies (D:6)
  Ijyb (D:5)
  2 gnoll boudas
  An iguana (D:6)
  2 sleepcaps (D:6)
  2 orc wizards
  8 gnolls (D:5)
  12 adders
  A shadow imp (D:6)
  3 white imps
  An adder zombie (Ossuary)
  A worm (D:3)
  A dart slug (D:1)
  19 orcs
  8 endoplasms
  2 giant cockroaches
  8 goblins
  4 hobgoblins
  4 jackals (D:2)
  12 kobolds
  3 quokkas
  7 ball pythons
  2 ball python skeletons (Ossuary)
  A bat (D:2)
  4 frilled lizards (D:1)
  A hobgoblin skeleton (Ossuary)
  A hobgoblin zombie (Ossuary)
  2 orc skeletons (Ossuary)
  2 orc zombies (Ossuary)
  8 rats
203 creatures vanquished.

Vanquished Creatures (collateral kills)
  A boulder beetle (D:11)
  Maurice (D:11)
  An unseen horror (D:10)
  A wyvern (D:7)
  2 ice beasts
  2 wolves (D:9)
  A bullfrog (D:9)
  2 wights (D:8)
  A jelly (D:7)
  An iguana (D:6)
  An orc wizard (D:7)
  An adder (D:6)
  An ufetubus (D:6)
  An orc (D:8)
  2 kobolds (D:8)
19 creatures vanquished.

Vanquished Creatures (others)
  A wyvern (D:7)
  3 hexers
  A demonic plant (D:11)
  9 plants
14 creatures vanquished.

Grand Total: 236 creatures vanquished

Table legend:
 A = Non-vault XP
 B = Vault XP
 C = Vault XP percentage of total XP
 D = Non-vault monster count
 E = Vault monster count
 F = Vault count percentage of total count
                 A         B        C        D         E       F
            +---------+---------+-------+---------+---------+-------
      Total |    9760 |    6743 |  40.9 |     174 |      49 |  22.0
            +---------+---------+-------+---------+---------+-------
        D:1 |      28 |       0 |   0.0 |      18 |       0 |   0.0
        D:2 |      21 |       0 |   0.0 |      12 |       0 |   0.0
        D:3 |      43 |      47 |  52.2 |      17 |       5 |  22.7
        D:4 |     357 |       0 |   0.0 |      15 |       0 |   0.0
        D:5 |     603 |     106 |  15.0 |      18 |       6 |  25.0
        D:6 |     965 |     283 |  22.7 |      24 |       1 |   4.0
        D:7 |     831 |     707 |  46.0 |      12 |       4 |  25.0
        D:8 |    1466 |       0 |   0.0 |      29 |       0 |   0.0
        D:9 |    1002 |    2851 |  74.0 |      14 |      14 |  50.0
       D:10 |    1733 |     475 |  21.5 |       6 |       1 |  14.3
       D:11 |    2711 |    1608 |  37.2 |       9 |       4 |  30.8
    Ossuary |       0 |     666 | 100.0 |       0 |      14 | 100.0
            +---------+---------+-------+---------+---------+-------

Illustrated notes

Table legend:
 A = Kills in this place as a percentage of kills in the entire game.
 B = Kills by you in this place as a percentage of kills by you in the entire game.
 C = Kills by friends in this place as a percentage of kills by friends in the entire game.
 D = Other kills in this place as a percentage of other kills in the entire game.
 E = Experience gained in this place as a percentage of experience gained in the entire game.
 F = Experience gained in this place divided by the number of levels of this place that you have seen.
                   A       B       C       D       E      F
               +-------+-------+-------+-------+-------+----------------------
         Total | 100.0 | 100.0 | 100.0 | 100.0 | 100.0 | 1269.5
       Dungeon |  93.7 |  93.1 | 100.0 | 100.0 |  96.0 | 1439.7
       Ossuary |   6.3 |   6.9 |   0.0 |   0.0 |   4.0 | 666.0
               +-------+-------+-------+-------+-------+----------------------

Table legend: (Time is in decaauts)
 A = Elapsed time spent in this place.
 B = Non-inter-level travel time spent in this place.
 C = Inter-level travel time spent in this place.
 D = Time resting spent in this place.
 E = Time spent auto-exploring this place.
 F = Levels seen in this place.
 G = Mean time per level.
                   A        B        C        D        E       F      G
               +--------+--------+--------+--------+--------+-----+--------+
         Total |   8439 |   8117 |    322 |    223 |   6209 |  13 |  649.2 |
       Dungeon |   7913 |   7602 |    311 |     87 |   6006 |  11 |  719.4 |
        Temple |     37 |     26 |     11 |      0 |     14 |   1 |   37.0 |
       Ossuary |    489 |    489 |      0 |    136 |    189 |   1 |  489.0 |
               +--------+--------+--------+--------+--------+-----+--------+

Top non-repeatable levels by time:
     D:5: 1089 daAuts
     D:3: 1084 daAuts
     D:4: 823 daAuts
     D:9: 749 daAuts
     D:1: 730 daAuts
     D:6: 714 daAuts
     D:8: 704 daAuts
     D:2: 600 daAuts
    D:10: 591 daAuts
 Ossuary: 489 daAuts
     D:7: 476 daAuts
    D:11: 348 daAuts
  Temple: 37 daAuts
